[Event "Early-Titled-Tuesday-Blitz-September-12-2023"]
[Site "Chess.com"]
[Date "2023.09.12"]
[Round "6"]
[White "ChEsper99"]
[Black "Maus7"]
[Result "1-0"]
[WhiteElo "2230"]
[BlackElo "2480"]
[TimeControl "180+1"]
[EndTime "9:06:13 PDT"]
[Termination "ChEsper99 won on time"]

1. e4 c5 2. Nf3 e6 3. c3 Nf6 4. e5 Nd5 5. d4 cxd4 6. cxd4 Be7 7. Bc4 d6 8. O-O O-O 9. Qe2 Bd7 10. Rd1 Bc6 11. Bxd5 Bxd5 12. Nc3 Bc6 13. d5 exd5 14. Nxd5 Re8 15. Bf4 Bf8 16. Qc4 Na6 17. exd6 Bxd6 18. Nc3 Re6 19. Ng5 Rg6 20. Qxf7+ Kh8 21. Qxg6 hxg6 22.
Nf7+ Kg8 23. Nxd8 Bxf4 24. Nxc6 bxc6 25. g3 Be5 26. Rac1 Rb8 27. Na4 c5 28. b3 Bd4 29.
Rc4 Rd8 30. Kg2 Rf8 31. Rd2 Nb4 32. Rdxd4 cxd4 33. Rxb4 Rd8 34. Nb2 d3 35. Nd1 Rc8 36. Rc4 Re8 37. Rc3 Re2 38. Rxd3 Rxa2 39. h4 Ra5 40.
Kf3 Kh7 41. Nc3 1-0

[Event "Early-Titled-Tuesday-Blitz-September-12-2023"]
[Site "Chess.com"]
[Date "2023.09.12"]
[Round "6"]
[White "The_Princess_Moon"]
[Black "Chaos_Magic"]
[Result "0-1"]
[WhiteElo "2256"]
[BlackElo "2375"]
[TimeControl "180+1"]
[EndTime "9:06:13 PDT"]
[Termination "Chaos_Magic won by resignation"]

1. e4 e5 2. Nf3 Nc6 3. Nc3 Nf6 4. Bb5 Nd4 5. Bc4 d6 6. h3 Be7 7. d3 O-O 8. Nxd4 exd4 9. Ne2 c5 10. a4 d5 11.
exd5 Nxd5 12. O-O Be6 13. Nf4 Nxf4 14. Bxf4 Bxc4 15. dxc4 Bd6 16. Qg4 Bxf4 17. Qxf4 Re8 18. Rfe1 Qb6 19. b3 h6 20. Re5 Qb4 21. Rae1 Qxe1+ 22.
Rxe1 Rxe1+ 23. Kh2 b6 24. b4 cxb4 25. Qxd4 Re6 26.
Qd7 a5 27. f4 g6 28. f5 gxf5 29. Qd5 Rc8 30. Qxf5 Rxc4 31. Kh1 Rc3 32. Kh2 Rg6 33. Qe4 Rcg3 34. Qe8+ Kg7 35. Qe5+ Kh7 36. Qxg3 Rxg3 37. Kxg3 Kg6 38. Kf4 Kf6 39. g4 Ke6 40. h4 Kf6 41.
Ke4 Ke6 42. g5 hxg5 43. hxg5 b5 44. axb5 a4 45. c4 a3 46. b6 Kd6 47. c5+ Kc6 48. Kf5 a2 49. Kf6 a1=Q+ 50. Kxf7 Qf1+ 51. Ke6 Qe2+ 52. Kf6 Qf3+ 53. Ke6 Qe3+ 54. Kf6 Qxc5 55. g6 Qf2+ 56.
Ke7 Qg3 57. g7 Qxg7+ 0-1

[Event "Early-Titled-Tuesday-Blitz-September-12-2023"]
[Site "Chess.com"]
[Date "2023.09.12"]
[Round "6"]
[White "Raskolnikov6"]
[Black "LeoLV10"]
[Result "1-0"]
[WhiteElo "2282"]
[BlackElo "2483"]
[TimeControl "180+1"]
[EndTime "9:06:15 PDT"]
[Termination "Raskolnikov6 won by resignation"]

1. d4 Nf6 2. c4 e6 3. Nc3 Bb4 4. e3 b6 5. Bd3 Bb7 6. f3 d5 7. Ne2 O-O 8. O-O Nbd7 9. Qc2 Re8 10. a3 Bd6 11. e4 dxc4 12. Bxc4 e5 13. Be3 exd4 14. Nxd4 a6 15. Rad1 Qc8 16. Nf5 Bf8 17. Bg5 Ne5 18. Ba2 Ng6 19. Bxf6 gxf6 20. Nd5 Re6 21.
Qxc7 Rc6 22. Qxc8 Raxc8 23. h4 h5 24. Rd2 Ne5 25. Nde7+ Bxe7 26. Nxe7+ Kf8 27. Nxc8 Rxc8 28. Bd5 Bxd5 29. Rxd5 Ke7 30. Rfd1 Rc2 31. R1d2 Rc1+ 32. Kh2 Rc6 33. Kg3 Ke6 34. Rd8 Ke7 35. Rh8 Nc4 36.
Rc2 b5 37. b3 Na5 38. Rxc6 Nxc6 39. Rxh5 Nd4 40. a4 Nxb3 41. axb5 a5 42. b6 Kd6 43. Rb5 Nc5 44. b7 Nxb7 45. Rxb7 1-0

[Event "Early-Titled-Tuesday-Blitz-September-12-2023"]
[Site "Chess.com"]
[Date "2023.09.12"]
[Round "6"]
[White "Viacheslav92"]
[Black "Apocalyps999"]
[Result "1-0"]
[WhiteElo "2506"]
[BlackElo "2319"]
[TimeControl "180+1"]
[EndTime "9:06:15 PDT"]
[Termination "Viacheslav92 won by resignation"]

1. e4 e5 2. Nf3 Nc6 3. Bb5 a6 4. Ba4 Nf6 5. O-O Be7 6. Re1 b5 7. Bb3 O-O 8. c3 d5 9. exd5 Nxd5 10. Nxe5 Nxe5 11. Rxe5 c6 12. d4 Bd6 13. Re1 Qh4 14. g3 Qh3 15. Qf3 Bg4 16. Qg2 Qh5 17. Nd2 Rae8 18. Rf1 Bh3 19. Qf3 Qxf3 20. Nxf3 Bxf1 21. Kxf1 f6 22. a4 Ra8 23. Ke2 Rfe8+ 24. Kd3 g5 25. Be3 Kg7 26. Nd2 Nxe3 27. fxe3 f5 28. e4 fxe4+ 29.
Nxe4 Be7 30. Be6 Red8 31. Rf1 Rf8 32. Rxf8 Rxf8 33. Bd7 bxa4 34. Bxc6 a3 35. bxa3 Bxa3 36. c4 Be7 37. c5 a5 38. d5 Rc8 39. Kc4 Rb8 40. d6 Bf6 41. Kd5 Kf7 42. Ba4 Rb4 43.
Nxf6 Kxf6 44. c6 Rxa4 45. c7 Ra1 46. c8=Q Rd1+ 47. Ke4 Re1+ 48. Kf3 g4+ 49. Kf2 1-0

[Event "Early-Titled-Tuesday-Blitz-September-12-2023"]
[Site "Chess.com"]
[Date "2023.09.12"]
[Round "6"]
[White "UmarovSabir"]
[Black "lrestevez"]
[Result "0-1"]
[WhiteElo "2282"]
[BlackElo "2145"]
[TimeControl "180+1"]
[EndTime "9:06:15 PDT"]
[Termination "lrestevez won on time"]

1. e4 e5 2. Nf3 Nc6 3. Bc4 Nf6 4. d3 Be7 5. Nc3 O-O 6. h3 d6 7. Be3 h6 8. Qd2 Be6 9. O-O-O Bxc4 10.
dxc4 Nh7 11. g4 Nb8 12. h4 c6 13. g5 h5 14. g6 fxg6 15. Rdg1 Rxf3 16. Rxg6 Qe8 17.
Rhg1 Rf7 18. Ne2 Nd7 19. Ng3 Ndf8 20. Nf5 Nxg6 21. Rxg6 Kh8 22. Qe2 Nf6 23. Bg5 Kh7 24.
Rxf6 Bxf6 25. Qxh5+ Kg8 26. Nxd6 Bxg5+ 27. hxg5 Qe6 28. g6 Rxf2 29. Nf5 Rf1+ 30. Kd2 Rd8+ 31. Kc3 Rxf5 32. exf5 Qf6 33. b4 Kf8 34. Kb3 e4 35. a4 e3 36. Qf3 Re8 37. Qe2 Qxf5 0-1

[Event "Early-Titled-Tuesday-Blitz-September-12-2023"]
[Site "Chess.com"]
[Date "2023.09.12"]
[Round "6"]
[White "Jackalhead_Anubis"]
[Black "Boxerandchessplayer"]
[Result "1-0"]
[WhiteElo "2369"]
[BlackElo "2099"]
[TimeControl "180+1"]
[EndTime "9:06:15 PDT"]
[Termination "Jackalhead_Anubis won by resignation"]

1. e4 e6 2. d4 d5 3. Nc3 dxe4 4. Nxe4 Nd7 5. Nf3 Ngf6 6. Ng3 Be7 7. Bd3 O-O 8. O-O b6 9. c3 Bb7 10. h3 c5 11. Be3 Rc8 12. Rc1 Qc7 13. b4 c4 14.
Bb1 b5 15. a4 a6 16. Ng5 h6 17. N5e4 Nxe4 18. Nxe4 Nf6 19. Nxf6+ Bxf6 20. axb5 axb5 21.
Qc2 Rfd8 22. Qh7+ Kf8 23. f4 Qc6 24. Rf2 Ke7 25. Re1 Bh4 26. Qc2 g6 27. f5 Bxf2+ 28.
Qxf2 gxf5 29. Bxf5 Rg8 30. Bg4 h5 31. d5 Qxd5 32.
Bc5+ Ke8 33. Rf1 hxg4 34. Qxf7+ 1-0

[Event "Early-Titled-Tuesday-Blitz-September-12-2023"]
[Site "Chess.com"]
[Date "2023.09.12"]
[Round "6"]
[White "ChessQueen"]
[Black "Zavgorodniy_Sergiy"]
[Result "1/2-1/2"]
[WhiteElo "2719"]
[BlackElo "2530"]
[TimeControl "180+1"]
[EndTime "9:06:16 PDT"]
[Termination "Game drawn by repetition"]

1. e4 c6 2. Nc3 d5 3. Nf3 Bg4 4. h3 Bxf3 5. Qxf3 dxe4 6. Nxe4 Nd7 7. d4 Ngf6 8. Nxf6+ Nxf6 9. Qd3 e6 10. Be2 Be7 11. O-O O-O 12. c4 Qc7 13. Qf3 Rad8 14. Rd1 Rd7 15. Be3 Rfd8 16. Rab1 c5 17. dxc5 Bxc5 18. Rxd7 Rxd7 19. Bf4 Bd6 20. Bg5 Be7 21. b4 b6 22.
Be3 h6 23. a3 Qd8 24. Rc1 Rc7 25. Qg3 Kf8 26. Qe5 Qd6 27. Qb2 Qd7 28. Bf4 Rc8 29.
Be5 Ne8 30. Bd4 Bf6 31. Bxf6 Nxf6 32. c5 bxc5 33. bxc5 Nd5 34. Qd4 Qc6 35. Bf3 Rb8 36. Qe5 Rc8 37. h4 Qc7 38. Qe4 Qa5 39. Qd4 Qxa3 40.
Rc4 Qa5 41. Bxd5 exd5 42. Rc1 Qa3 43. Rc3 Qa5 44. c6 Qc7 45. g3 Rd8 46. Kg2 h5 47. Qc5+ Kg8 48. Rb3 Rc8 49. Rc3 Rd8 50. Rb3 Rc8 51. Rc3 Rd8 1/2-1/2

[Event "Early-Titled-Tuesday-Blitz-September-12-2023"]
[Site "Chess.com"]
[Date "2023.09.12"]
[Round "6"]
[White "jup1978"]
[Black "Korchmar_Vasiliy"]
[Result "0-1"]
[WhiteElo "2491"]
[BlackElo "2713"]
[TimeControl "180+1"]
[EndTime "9:06:18 PDT"]
[Termination "Korchmar_Vasiliy won on time"]

1. d4 d5 2. c4 c6 3. Nf3 Nf6 4. cxd5 cxd5 5. Nc3 Nc6 6. Bf4 Nh5 7. Bd2 g6 8. Qb3 Nf6 9. e3 Bg7 10. Be2 O-O 11. O-O a6 12. a4 Ne4 13. Rfc1 Bg4 14.
Be1 Na5 15. Qa2 Be6 16. Nd2 Nd6 17. Nb3 Nxb3 18. Qxb3 h5 19. Bf3 Ne4 20. Be2 Rb8 21.
Nxe4 dxe4 22. Bc4 Bxc4 23. Rxc4 b5 24. axb5 Rxb5 25. Rb4 Rg5 26. Rxa6 Qc8 27. h4 Qxa6 28.
hxg5 Qe2 29. Qc3 h4 30. Qd2 Qg4 31. Rb5 h3 32. f4 exf3 33. Qf2 hxg2 34. Qg3 Qe4 35.
Kf2 Rc8 36. Rc5 Rxc5 37. dxc5 Be5 38. c6 Bxg3+ 39. Kxg3 g1=Q+ 0-1

[Event "Early-Titled-Tuesday-Blitz-September-12-2023"]
[Site "Chess.com"]
[Date "2023.09.12"]
[Round "6"]
[White "Philosopherrr"]
[Black "ajedrezhoy"]
[Result "1-0"]
[WhiteElo "2287"]
[BlackElo "2390"]
[TimeControl "180+1"]
[EndTime "9:06:19 PDT"]
[Termination "Philosopherrr won by resignation"]

1. d4 Nf6 2. Bg5 b6 3. Nd2 Bb7 4. c3 g6 5. f3 d5 6. Qa4+ Bc6 7. Qc2 Bg7 8. e4 O-O 9. e5 Ne8 10. O-O-O f6 11. exf6 exf6 12. Bh4 Nd6 13. Bd3 Bd7 14.
g4 c5 15. Bg3 Nf7 16. Nh3 cxd4 17. cxd4 Nc6 18. Kb1 Nb4 19. Qb3 Nxd3 20. Qxd3 f5 21. Nf2 Qf6 22. h4 fxg4 23. Nxg4 Qxd4 24. Qxd4 Bxd4 25.
Nb3 Bf5+ 26. Ka1 Bg7 27. Rxd5 a5 28. Nd4 Rfd8 29. Nxf5 gxf5 30. Rxf5 a4 31. a3 Rd2 32. Rb5 Rc8 33. Bf4 Re2 34. Rg1 Kf8 35. Bc1 Rcc2 36. Rxb6 h5 37. Nh6 Bd4 38. Rb8+ Ke7 39. Nf5+ Kf6 40. Nxd4 1-0

[Event "Early-Titled-Tuesday-Blitz-September-12-2023"]
[Site "Chess.com"]
[Date "2023.09.12"]
[Round "6"]
[White "InitiatingASC"]
[Black "VOneChess"]
[Result "1-0"]
[WhiteElo "2346"]
[BlackElo "2192"]
[TimeControl "180+1"]
[EndTime "9:06:20 PDT"]
[Termination "InitiatingASC won on time"]

1. Nf3 Nf6 2. b3 g6 3. Bb2 Bg7 4. e4 O-O 5. e5 Nd5 6. c4 Nb6 7. d4 d6 8. exd6 cxd6 9. Be2 Nc6 10. O-O Bg4 11. h3 Bxf3 12. Bxf3 e5 13. Bxc6 bxc6 14.
dxe5 dxe5 15. Nd2 Re8 16. Ne4 f5 17. Nd6 Re6 18. Nb7 Qe7 19. Na5 Rd8 20. Qc2 e4 21.
Bxg7 Qxg7 22. Rad1 Red6 23. Nxc6 R8d7 24. Nb4 Rd4 25. Nc6 Rd3 26. Nb4 R3d4 27. Na6 Qe5 28.
c5 Nd5 29. Rxd4 Qxd4 30. c6 Rd8 31. Rd1 Qe5 32. c7 Rc8 33. Qc4 Kg7 34. Rxd5 Qe6 35. Rd8 Rxc7 36. Qxe6 1-0

[Event "Early-Titled-Tuesday-Blitz-September-12-2023"]
[Site "Chess.com"]
[Date "2023.09.12"]
[Round "6"]
[White "malakismayil"]
[Black "supereagles1201"]
[Result "0-1"]
[WhiteElo "2507"]
[BlackElo "2394"]
[TimeControl "180+1"]
[EndTime "9:06:22 PDT"]
[Termination "supereagles1201 won on time"]

1. e4 c5 2. Nf3 g6 3. d4 cxd4 4. Nxd4 Nc6 5. Nxc6 bxc6 6. Nc3 Bg7 7. Bc4 d6 8. O-O Nf6 9. Bg5 O-O 10. Qd2 Qc7 11. Rad1 a5 12. Rfe1 Ba6 13. Bxa6 Rxa6 14. b3 Raa8 15. h3 Rfd8 16. Qe3 Ne8 17. Na4 Rab8 18. c4 c5 19. Nc3 Bd4 20. Rxd4 cxd4 21. Qxd4 f6 22. Be3 Qb7 23. Nd5 Rd7 24. Bd2 a4 25. b4 Nc7 26. a3 Nxd5 27. exd5 Qb6 28. Qd3 Rc8 29. Be3 Qa6 30. Rc1 Rdc7 31. b5 Qa5 32.
Qe4 Kg7 33. h4 Qa8 34. h5 Re8 35. Qf4 Qc8 36. Qh6+ Kg8 37. hxg6 hxg6 38. Qxg6+ Kh8 39. Qh5+ Kg8 40. Qg4+ Qxg4 0-1

[Event "Early-Titled-Tuesday-Blitz-September-12-2023"]
[Site "Chess.com"]
[Date "2023.09.12"]
[Round "6"]
[White "WaybackBoy"]
[Black "LangesNasenhaar"]
[Result "1-0"]
[WhiteElo "2695"]
[BlackElo "2455"]
[TimeControl "180+1"]
[EndTime "9:06:23 PDT"]
[Termination "WaybackBoy won on time"]

1. d4 g6 2. e4 Bg7 3. Nc3 d5 4. exd5 Nf6 5. Bc4 a6 6. a4 Nbd7 7. Qf3 O-O 8. h3 Rb8 9. Nge2 b5 10. axb5 axb5 11. Bxb5 Nb6 12. Bc6 Bd7 13. O-O h6 14. Bf4 Nc8 15. b3 Nd6 16. Be5 Bf5 17. Rfc1 h5 18. Ng3 Bc8 19. Nge4 Nfxe4 20. Nxe4 Bh6 21.
Re1 Bf5 22. Bxd6 cxd6 23. g4 hxg4 24. hxg4 Bc8 25. Ra7 Qb6 26. Rxe7 Qxd4 27. g5 Bg7 28. Nf6+ Bxf6 29. gxf6 Bf5 30. c4 Qxf6 31. Qg3 Kg7 32.
Re8 Rbxe8 33. Rxe8 Rxe8 34. Bxe8 Be4 35. Kh2 Qa1 36. f3 Qc3 37. fxe4 Qd2+ 38. Kh3 Qh6+ 39. Kg2 Qd2+ 40. Qf2 Qg5+ 41. Kf3 Qf6+ 42. Ke2 Qb2+ 43. Kf1 1-0

[Event "Early-Titled-Tuesday-Blitz-September-12-2023"]
[Site "Chess.com"]
[Date "2023.09.12"]
[Round "6"]
[White "fireheart92"]
[Black "sokidze"]
[Result "1-0"]
[WhiteElo "2962"]
[BlackElo "2781"]
[TimeControl "180+1"]
[EndTime "9:06:24 PDT"]
[Termination "fireheart92 won by resignation"]

1. b3 c5 2. Bb2 Nc6 3. c4 e5 4.
Nf3 d6 5. g3 g6 6. Bg2 Bg7 7. d3 Nge7 8. Nc3 O-O 9. O-O Rb8 10.
a3 a5 11. e3 h6 12. Nd2 Be6 13. Nd5 b5 14. Qc2 Kh8 15. f4 f5 16. Rae1 Qd7 17.
Nxe7 Nxe7 18. fxe5 dxe5 19. Nf3 Qd6 20. Bc3 bxc4 21.
bxc4 Nc6 22. Nh4 Kh7 23. Rb1 Rfd8 24. Rxb8 Nxb8 25. Rd1 e4 26. Bxg7 Kxg7 27. d4 g5 28. Qb2 Kh7 29. d5 gxh4 30. Qf6 Bc8 31. Qf7+ Kh8 32.
Rb1 hxg3 33. Rxb8 gxh2+ 34. Kh1 Rf8 35. Qa7 Rg8 36. Rb6 Qf8 37. Qc7 Rg7 38. Rxh6+ Kg8 39.
Qxh2 Qe7 40. Rh8+ Kf7 41. Qh5+ Kf6 42. Rh6+ Ke5 43. Qh2+ 1-0

[Event "Early-Titled-Tuesday-Blitz-September-12-2023"]
[Site "Chess.com"]
[Date "2023.09.12"]
[Round "6"]
[White "1995Tiger"]
[Black "GMJustin"]
[Result "1-0"]
[WhiteElo "2150"]
[BlackElo "2244"]
[TimeControl "180+1"]
[EndTime "9:06:25 PDT"]
[Termination "1995Tiger won on time"]

1. e4 c5 2. Nf3 d6 3. c3 Nf6 4. Bd3 e6 5. Bc2 Be7 6. O-O c4 7. b3 cxb3 8. axb3 O-O 9. d4 b5 10. Qd3 Bb7 11. Nbd2 a6 12. c4 Nc6 13. Ba3 d5 14. Bxe7 Qxe7 15. e5 Ne4 16. Nxe4 dxe4 17.
Qxe4 f5 18. exf6 gxf6 19. d5 exd5 20. Qxd5+ Kh8 21. Qh5 Nb4 22. Rfe1 Qg7 23. Bf5 Rg8 24. Nh4 Bxg2 25. Ng6+ Qxg6 26. Bxg6 Rxg6 27. Qxg6 hxg6 28. Kxg2 Nc2 29. cxb5 Nxe1+ 30. Rxe1 axb5 31. Re6 Kg7 32. Rb6 Ra5 33. b4 Ra2 34. Rxb5 Rb2 35. Rb7+ Kh6 36. b5 f5 37. Rb8 Kg5 38. b6 Kf4 39. b7 g5 40. h3 1-0

[Event "Early-Titled-Tuesday-Blitz-September-12-2023"]
[Site "Chess.com"]
[Date "2023.09.12"]
[Round "6"]
[White "twofoxniel"]
[Black "Jaka_Brilej"]
[Result "0-1"]
[WhiteElo "2608"]
[BlackElo "2452"]
[TimeControl "180+1"]
[EndTime "9:06:26 PDT"]
[Termination "Jaka_Brilej won by resignation"]

1. e4 e6 2. Nf3 d5 3. e5 c5 4. b4 d4 5. a3 b6 6. Bb2 Bb7 7. Bd3 Ne7 8. O-O Nd5 9. Be4 Nd7 10. c4 dxc3 11. dxc3 Ne3 12. fxe3 Bxe4 13. Nbd2 Bb7 14.
Qe1 Be7 15. Qg3 O-O 16. Rad1 Qc7 17. b5 c4 18. Qf4 Rac8 19. Ne4 Nc5 20. Nd6 Nd3 21.
Rxd3 cxd3 22. Nxc8 Rxc8 23. Nd4 Bf8 24. Bc1 Rd8 25.
a4 Bc5 26. Bd2 Rf8 27. h4 Qd7 28. h5 h6 29. Qg4 Qd5 30. Qg3 Qe4 31. Kh2 a6 32. bxa6 Bxa6 33. Rf4 Qxe5 34. Nf3 Qxh5+ 35. Rh4 Qg6 36. Rg4 Qh5+ 37. Rh4 Qg6 38. Rg4 Qf6 39. e4 e5 40. Nxe5 Bd6 41. Bf4 Bc8 42. Rh4 g5 43.
Ng4 Qxf4 44. Nxh6+ Kg7 45. Rxf4 Bxf4 46. Qxf4 gxf4 47.
Nf5+ Bxf5 0-1

[Event "Early-Titled-Tuesday-Blitz-September-12-2023"]
[Site "Chess.com"]
[Date "2023.09.12"]
[Round "6"]
[White "Ishowmoves57"]
[Black "cottage_cheese"]
[Result "1-0"]
[WhiteElo "2122"]
[BlackElo "2301"]
[TimeControl "180+1"]
[EndTime "9:06:26 PDT"]
[Termination "Ishowmoves57 won by resignation"]

1. e4 e5 2. Nf3 Nc6 3. d4 exd4 4. Bc4 Nf6 5. e5 d5 6. Bb5 Ne4 7. Nxd4 Bd7 8. Bxc6 bxc6 9. O-O Be7 10. f3 Ng5 11. f4 Ne4 12. c3 Rb8 13. Nd2 Nxd2 14. Qxd2 c5 15. Nb3 Bf5 16. Qf2 Rb5 17. Be3 Qb8 18. Bc1 O-O 19. h3 h5 20. Qf3 g6 21. Qxd5 Rd8 22.
Qf3 a5 23. Rd1 Rxd1+ 24. Qxd1 a4 25. Nd2 Qb6 26. c4 Ra5 27. b3 a3 28. Nf3 Ra8 29.
Be3 Rd8 30. Qe1 Qc6 31. Rd1 Be4 32. Rxd8+ Bxd8 33. Qf2 Be7 34. Nd2 Bd3 35. Qe1 Qe6 36. Bf2 Qf5 37. Be3 Bc2 38. Qc1 Qd3 39. Nf1 f6 40.
Qxa3 fxe5 41. Qa8+ Kf7 42. fxe5 Bd1 43. Qd5+ Kg7 44.
Qxd3 Bg4 45. hxg4 hxg4 46. Qd7 1-0

[Event "Early-Titled-Tuesday-Blitz-September-12-2023"]
[Site "Chess.com"]
[Date "2023.09.12"]
[Round "6"]
[White "wonderfultime"]
[Black "turayev_shahruh17"]
[Result "1-0"]
[WhiteElo "2998"]
[BlackElo "2815"]
[TimeControl "180+1"]
[EndTime "9:06:27 PDT"]
[Termination "wonderfultime won by resignation"]

1. d4 Nf6 2. Nf3 d5 3. Bf4 c5 4.
c3 Nc6 5. e3 Qb6 6. Qc2 g6 7.
Nbd2 Bf5 8. dxc5 Qxc5 9. Qb3 Na5 10. Qa4+ Bd7 11. Nb3 Nxb3 12. Qxb3 Bc6 13. Be2 Bg7 14.
O-O O-O 15. Rfd1 Rfd8 16. h3 Ne4 17. Ne5 a5 18. a4 e6 19. Bf3 Nd6 20. Be2 Nc4 21.
Nxc4 dxc4 22. Bxc4 h5 23. Bf1 Bd5 24. Qc2 Bc4 25.
Rxd8+ Rxd8 26. Rd1 Rxd1 27. Qxd1 Bxf1 28. Qxf1 Qc6 29. Qb5 Qxb5 30. axb5 Kf8 31. e4 f5 32. f3 Ke8 33. Kf1 Kd7 34. Ke2 fxe4 35. fxe4 a4 36. Kd3 b6 37. Kc2 Bf8 38. b3 axb3+ 39. Kxb3 Be7 40.
Kc4 g5 41. Be5 g4 42. hxg4 hxg4 43. Kd3 Bd8 44. c4 Bg5 45. Bd4 Kc7 46. c5 bxc5 47. Bxc5 Kb7 48. Kd4 Bf6+ 49. Ke3 Kc7 50. Kf4 1-0

[Event "Early-Titled-Tuesday-Blitz-September-12-2023"]
[Site "Chess.com"]
[Date "2023.09.12"]
[Round "6"]
[White "Abund"]
[Black "vladgoncharov"]
[Result "1-0"]
[WhiteElo "2744"]
[BlackElo "2546"]
[TimeControl "180+1"]
[EndTime "9:06:27 PDT"]
[Termination "Abund won by resignation"]

1. e4 e6 2. d4 d5 3. Nd2 Be7 4. Bd3 c5 5. dxc5 Nf6 6. Qe2 O-O 7. Ngf3 a5 8. c3 Na6 9. e5 Nd7 10. h4 g6 11. h5 Naxc5 12. Bc2 b6 13. Qe3 Ba6 14. hxg6 fxg6 15. Qh6 Rf7 16. Bxg6 Rg7 17. Bxh7+ Kf8 18. Nb3 Nd3+ 19. Bxd3 Bxd3 20. Qxe6 Rh7 21. Rxh7 Bxh7 22. Bh6+ Ke8 23. Ng5 Nc5 24. Qf7+ Kd7 25. Qxh7 Qh8 26. Nxc5+ bxc5 27. Qf5+ Kc7 28. Nf7 Qg8 29.
Ng5 Bxg5 30. Bxg5 Rf8 31. Bf6 Qxg2 32. O-O-O a4 33. Qh7+ Kb6 34. Qe7 Rc8 35. Qd6+ Rc6 36.
Qd8+ Kb7 37. Qxd5 Qxf2 38. Qd7+ Rc7 39. Qb5+ Ka7 40. Qa5+ Kb7 41. Qb5+ Ka7 42. Qxa4+ Kb7 43. Qb5+ Ka7 44. Qa4+ Kb7 45. Qc2 Qf4+ 46. Kb1 Qg4 47.
Qb3+ Ka7 48. Qc2 Kb7 49. a3 c4 50. Rd4 Qf3 51. Qe4+ Qxe4+ 52. Rxe4 Kc6 53. Rd4 Rf7 54. Rxc4+ Kd5 55. Rd4+ Kc5 56. a4 Rf8 57. Be7+ 1-0

[Event "Early-Titled-Tuesday-Blitz-September-12-2023"]
[Site "Chess.com"]
[Date "2023.09.12"]
[Round "6"]
[White "Francisco_Ferrari"]
[Black "MokshAD1603"]
[Result "0-1"]
[WhiteElo "2192"]
[BlackElo "2593"]
[TimeControl "180+1"]
[EndTime "9:06:27 PDT"]
[Termination "MokshAD1603 won on time"]

1. e4 c6 2. d4 d5 3. exd5 cxd5 4. Bd3 Nc6 5. c3 e6 6. Nf3 Bd6 7. O-O Nge7 8. Re1 O-O 9. Bxh7+ Kxh7 10. Ng5+ Kg6 11.
Qg4 f5 12. Qf3 Rh8 13. g3 Qg8 14. h4 Bd7 15. Bf4 Nc8 16. Nd2 Be7 17. Re2 Bxg5 18. Bxg5 Nd6 19. Rae1 Re8 20. Qf4 Ne4 21. Nf3 Qh7 22. g4 fxg4 23. Qxg4 Qh5 24. Qg2 Kh7 25. Nh2 Rhf8 26. f3 Nxg5 27. hxg5 Rf5 28. Ng4 Qxg5 29. Kf2 Ref8 30. Rh1+ Kg8 31. Qh3 Rxf3+ 32. Qxf3 Qxg4 33.
Rh8+ Kxh8 34. Qxf8+ Kh7 35. Re3 Qf5+ 36. Qxf5+ exf5 37. Kf3 g5 38. b4 b5 39. Re1 Kg6 40. a4 a6 41. axb5 axb5 42. Ra1 f4 43. Ra6 Kf5 44. Rb6 g4+ 45. Kf2 Ke4 46. Rxb5 g3+ 47. Kg2 Ke3 48.
Rxd5 Bg4 49. Rg5 f3+ 50. Kxg3 f2 51. Kg2 Bh3+ 0-1

[Event "Early-Titled-Tuesday-Blitz-September-12-2023"]
[Site "Chess.com"]
[Date "2023.09.12"]
[Round "6"]
[White "Akylbek2021"]
[Black "zano2023"]
[Result "1/2-1/2"]
[WhiteElo "2301"]
[BlackElo "2084"]
[TimeControl "180+1"]
[EndTime "9:06:27 PDT"]
[Termination "Game drawn by repetition"]

1. e4 e5 2. Nf3 d6 3. d4 f5 4. exf5 e4 5. Nfd2 Bxf5 6. c4 Nf6 7. Nc3 c6 8. Be2 d5 9. cxd5 cxd5 10. Nf1 Nc6 11. Bg5 Bb4 12. Ne3 Be6 13. Bh5+ g6 14.
Bg4 Bf7 15. O-O Be7 16. Bh6 Nxg4 17. Qxg4 Bf6 18. f3 Bxd4 19. fxe4 Bxe3+ 20. Bxe3 d4 21. Rad1 Qb6 22. Rxf7 Kxf7 23. Qd7+ Kg8 24. Nd5 Qd8 25. Qxb7 dxe3 26. Qxc6 Kg7 27. Re1 Rc8 28. Qe6 Re8 29. Qa6 Qg5 30. Qb7+ Kh8 31. h3 Rb8 32. Qc7 Rxb2 33.
Nxe3 Rxe4 34. Qc3+ Kg8 35. Qxb2 Rxe3 36. Rxe3 Qxe3+ 37. Qf2 Qb6 38. Kf1 Qb5+ 39. Qe2 Qb1+ 40. Kf2 Qb6+ 41. Qe3 Qb2+ 42. Qe2 Qb7 43. Qd2 Qb6+ 44.
Ke2 Qb5+ 45. Kf2 Qb6+ 46. Qe3 Qb2+ 47. Qe2 Qb6+ 48. Qe3 1/2-1/2

[Event "Early-Titled-Tuesday-Blitz-September-12-2023"]
[Site "Chess.com"]
[Date "2023.09.12"]
[Round "6"]
[White "AndresDelgado77"]
[Black "Flaccidmoves"]
[Result "1-0"]
[WhiteElo "2313"]
[BlackElo "2462"]
[TimeControl "180+1"]
[EndTime "9:06:29 PDT"]
[Termination "AndresDelgado77 won by resignation"]

1. e4 Nf6 2. e5 Nd5 3. d4 d6 4. Bc4 c6 5. Qf3 dxe5 6. dxe5 Be6 7. Nc3 Nd7 8. Qg3 Qc7 9. Nf3 g6 10. O-O Bg7 11. Re1 O-O 12. Bg5 Nxc3 13. Bxe6 fxe6 14. bxc3 Rf7 15. Bf4 Raf8 16. Ng5 Rxf4 17.
Nxe6 Qb6 18. Nxf4 Nxe5 19. Ne6 Nc4 20. Nxf8 Bxf8 21. Qg4 Nd6 22. Qe6+ Kg7 23. Rab1 Qc5 24. Qe5+ Qxe5 25. Rxe5 Kf6 26. Re2 Kf7 27. f4 Bg7 28. Rbe1 Bf6 29. g3 h5 30. a4 Nf5 31. Rb1 b6 32.
Rb3 e6 33. Rd2 Be7 34. Rd7 Kf6 35. Rxa7 Bc5+ 36. Kg2 Ne3+ 37. Kf3 Nxc2 38. Rc7 Ne1+ 39. Ke2 Ng2 40. Rxc6 Ne3 41. Rxc5 1-0

[Event "Early-Titled-Tuesday-Blitz-September-12-2023"]
[Site "Chess.com"]
[Date "2023.09.12"]
[Round "6"]
[White "Romkachess"]
[Black "RamonManon0g"]
[Result "1-0"]
[WhiteElo "2529"]
[BlackElo "2302"]
[TimeControl "180+1"]
[EndTime "9:06:30 PDT"]
[Termination "Romkachess won by checkmate"]

1. e4 c5 2. Nf3 d6 3. d4 cxd4 4. Nxd4 Nf6 5. Nc3 a6 6. h3 e5 7.
Nde2 h5 8. Bg5 Be6 9. Bxf6 Qxf6 10. Nd5 Bxd5 11. Qxd5 Nc6 12. c3 Be7 13. Ng3 g6 14. Bc4 O-O 15. O-O Bd8 16. Rad1 Bc7 17. Bb3 Rad8 18. Qd2 Ne7 19. Qh6 Bb6 20. Nxh5 Qh8 21. Qxh8+ Kxh8 22. Nf6 Kg7 23. Nd5 Nxd5 24. Rxd5 Kf6 25.
Kh2 Ke7 26. f4 f6 27. fxe5 fxe5 28. Rdd1 Be3 29. Bd5 b6 30. g3 a5 31. b3 Rc8 32.
c4 Rcd8 33. Kg2 Rxf1 34. Rxf1 Rf8 35. Rxf8 Kxf8 36. h4 Kg7 37. g4 g5 38. h5 Kh6 39.
Kf3 Bg1 40. Ke2 Bc5 41. Kd3 Bd4 42. Kc2 Bc5 43. Kb2 Bd4+ 44. Ka3 Bc5+ 45. Ka4 Bd4 46.
a3 Bc5 47. b4 axb4 48. axb4 Bd4 49. Kb5 Be3 50. Kc6 Bd2 51. Kxd6 Bxb4+ 52. Kxe5 Bc5 53. Kf6 Bd4+ 54. e5 Bc3 55. Be4 Bd4 56. Kf5 Bc3 57.
e6 Bb4 58. Kf6 Bc3+ 59. Kf7 Bb4 60. e7 Bxe7 61. Kxe7 b5 62. cxb5 Kg7 63. b6 Kh6 64.
b7 Kg7 65. b8=Q Kh6 66. Qh8# 1-0

[Event "Early-Titled-Tuesday-Blitz-September-12-2023"]
[Site "Chess.com"]
[Date "2023.09.12"]
[Round "6"]
[White "Alexei_Gubajdullin"]
[Black "secretsuperstar7"]
[Result "1-0"]
[WhiteElo "2623"]
[BlackElo "2418"]
[TimeControl "180+1"]
[EndTime "9:06:31 PDT"]
[Termination "Alexei_Gubajdullin won by checkmate"]

1. d4 Nf6 2. Nf3 d5 3. Bf4 c5 4. e3 Nc6 5. Nbd2 e6 6. c3 Nh5 7. Bg5 f6 8. Bh4 g6 9. g4 Ng7 10. Bb5 Be7 11. Qa4 Bd7 12. dxc5 Bxc5 13. Nd4 O-O 14.
Nxc6 bxc6 15. Bxc6 Bxc6 16. Qxc6 Rc8 17. Qa6 Rb8 18. Nb3 Bb6 19. Bg3 Rc8 20. O-O-O Qe7 21. Kb1 Rc4 22. h3 Rfc8 23. Nd2 R4c5 24. e4 d4 25.
cxd4 Rc2 26. Qd3 Qb4 27. Nb3 a5 28. Rc1 Rxc1+ 29. Rxc1 Rxc1+ 30. Nxc1 Bxd4 31. Qb3 Kf7 32. Qxb4 axb4 33. Nd3 b3 34. a3 e5 35. Nc1 f5 36.
f3 f4 37. Be1 Ne6 38. Nxb3 Ng5 39. Nxd4 exd4 40. Bd2 Nxf3 41. Bxf4 g5 42. Bg3 d3 43.
a4 Nd2+ 44. Kc1 Nxe4 45. Be1 Nc5 46. a5 Ke6 47. b4 Nb3+ 48. Kd1 Kd5 49. a6 Kc6 50. b5+ Kb6 51. Bf2+ Kc7 52. b6+ Kb8 53. Bg3+ Ka8 54. b7+ Ka7 55. b8=Q+ Kxa6 56. Qxb3 d2 57. Bc7 h5 58. Qb6# 1-0